 Dungeon Crawl Stone Soup version 0.30-b1-2-g02819fbbbe (webtiles) character file.

Game seed: 14437963620402872852

760 Yoshina the Poker (level 7, -4/62 HPs)
             Began as a Minotaur Berserker on June 1, 2023.
             Was a Priest of Trog.
             Succumbed to a water moccasin's poison
             ... on level 5 of the Dungeon.
             The game lasted 00:30:02 (2876 turns).

Yoshina the Poker (Minotaur Berserker)              Turns: 2876, Time: 00:30:03

Health: -4/62      AC: 15    Str: 31    XL:     7   Next: 50%
Magic:  2/5        EV:  8    Int:  2    God:    Trog [***...]
Gold:   163        SH:  0    Dex:  8    Spells: 6/6 levels left

rFire   . . .        r - +0 war axe
rCold   . . .        (no shield)
rNeg    . . .        d - +1 plate armour
rPois   .            (helmet restricted)
rElec   .            (no cloak)
rCorr   .            (no gloves)
SInv    .            (no boots)
Will    .....        q - amulet of guardian spirit Stlth
                     (no ring)
HPRegen 0.30/turn    (no ring)
MPRegen 0.09/turn

%: guardian spirit
@: lethally poisoned (-4 -> -19), invisible
A: horns 2, retaliatory headbutt, iridescent scales 1, low MP 1, strong 2
a: Renounce Religion, Berserk, Trog's Hand


You were on level 5 of the Dungeon.
You worshipped Trog.
Trog was most pleased with you.
You visited 1 branch of the dungeon, and saw 6 of its levels.

You collected 163 gold pieces.

Inventory:

Hand Weapons
 a - a +0 spear
 c - a +0 club
 h - a +0 dagger of venom
 r - a +0 war axe (weapon)
Armour
 b - a +0 animal skin
 d - a +1 plate armour (worn)
 e - a +0 scale mail
 j - a +0 ring mail
 k - a +1 pair of gloves
 v - a +2 helmet
Jewellery
 q - an amulet of guardian spirit (around neck)
 w - a ring of positive energy
Wands
 n - a wand of polymorph (4) (quivered)
 y - a wand of flame (11)
 z - a wand of iceblast (7)
Scrolls
 l - a scroll of immolation
 p - 2 scrolls of identify
 s - a scroll of fear {unknown}
 u - a scroll of enchant weapon {unknown}
 x - a scroll of acquirement {unknown}
Potions
 f - a potion of resistance
 g - 2 potions of flight
 i - a potion of brilliance
 m - a potion of lignification
 o - a potion of attraction


   Skills:
 + Level 5.8 Fighting
 + Level 2.5 Short Blades
 + Level 3.1(5.3) Axes
 + Level 6.6(7.0) Polearms
 + Level 4.9 Armour
 + Level 3.1 Dodging
 + Level 0.2 Stealth


You had 6 spell levels left.
You didn't know any spells.
Your spell library contained the following spells:

 Spells                   Type           Power      Damage    Failure   Level
 Apportation              Tloc           0%         N/A       99%         1
 Necrotise                Necr           0%         1d4       99%         1
 Summon Small Mammal      Summ           0%         N/A       99%         1
 Blink                    Tloc           0%         N/A       100%        2
 Gell's Gravitas          Tloc           0%         N/A       100%        3
 Teleport Other           Tloc           0%         N/A       100%        3
 Manifold Assault         Tloc           0%         N/A       100%        4
 Dispersal                Tloc           0%         N/A       100%        6
 Storm Form               Tmut/Air       0%         N/A       100%        7


Dungeon Overview and Level Annotations

Branches:
Dungeon (6/15)             Temple (0/1) D:5

Altars:
Trog

Shops:
D:4 *   D:5 *


Innate Abilities, Weirdness & Mutations

You have a pair of horns on your head.
You reflexively headbutt those who attack you in melee.
You are partially covered in iridescent scales. (AC +2)
Your magical capacity is low. (-10% MP)
Your muscles are very strong. (Str +8, Int/Dex -2)


Message History

You feel very sick. The water moccasin closely misses you.
The water moccasin barely misses you. You furiously retaliate!
You headbutt the water moccasin. The water moccasin misses you.
The water moccasin bites you.
You are more poisoned.
The water moccasin poisons you!
Okay, then.
Really read the scroll of immolation?
Okay, then.
Unknown command.
You feel very sick. The water moccasin bites you.
You are lethally poisoned!
The water moccasin poisons you!
Really quaff the potion of lignification?
Okay, then.
You miss the water moccasin.
The water moccasin is moderately wounded.
You closely miss the water moccasin.
* * * LOW HITPOINT WARNING * * *
You feel extremely sick. The water moccasin bites you.
* * * LOW HITPOINT WARNING * * *
The water moccasin bites you but does no damage.
The water moccasin barely misses you. x2
The water moccasin attacks as you move away!
The water moccasin barely misses you.
* * * LOW HITPOINT WARNING * * *
You feel very sick.
It was a potion of invisibility.
You fade into invisibility!
* * * LOW HITPOINT WARNING * * *
You feel very sick. The water moccasin barely misses you.
The water moccasin closely misses you. The water moccasin barely misses you.
The water moccasin bites you but does no damage.
You miss the water moccasin.
The water moccasin is moderately wounded.
You closely miss the water moccasin.
You die...

.......)#...........
........##.#........
.............#^#####
#......#..#....#...#
###....#.......'.∩.+
#.....##..###.#
#..... #..##..#####
#..>.......###SS...#
........#.).#.@...##
#.....####.......##
. #.........#
##.......##
....#...##
#...##...# ....
##..# ... #.##


You could see 2 water moccasins.

Vanquished Creatures
  A black bear (D:5)
  A centaur (D:5)
  A scorpion (D:3)
  3 wights (D:4)
  A howler monkey (D:4)
  A quasit (D:4)
  A hound (D:4)
  Jessica (D:3)
  2 iguanas (D:5)
  An orc wizard (D:4)
  Natasha (twice) (D:2)
  2 adders
  3 shadow imps (D:4)
  4 worms (D:2)
  3 dart slugs
  3 orcs
  4 endoplasms
  2 giant cockroaches
  4 hobgoblins (D:2)
  6 jackals
  9 kobolds
  3 quokkas
  6 ball pythons
  6 bats
  3 frilled lizards
  8 goblins
  3 rats
84 creatures vanquished.

Vanquished Creatures (others)
  A demonic plant (D:4)
1 creature vanquished.

Grand Total: 85 creatures vanquished

Notes
Turn   | Place    | Note
-------+----------+-------------------------------------------
     0 | D:1      | Yoshina the Minotaur Berserker began the quest for the Orb.
     0 | D:1      | Reached XP level 1. HP: 19/19 MP: 0/0
   113 | D:1      | Reached skill level 4 in Polearms
   113 | D:1      | Reached XP level 2. HP: 27/27 MP: 1/1
   297 | D:1      | Gained mutation: You are partially covered in iridescent
                  | scales. (AC +2) [potion of mutation]
   297 | D:1      | Gained mutation: Your magical capacity is low. (-10% MP)
                  | [potion of mutation]
   297 | D:1      | Gained mutation: Your muscles are strong. (Str +4, Int/Dex
                  | -1) [potion of mutation]
   297 | D:1      | Gained mutation: Your muscles are very strong. (Str +8,
                  | Int/Dex -2) [potion of mutation]
   479 | D:2      | Reached XP level 3. HP: 33/33 MP: 1/1
   479 | D:2      | Reached ** piety under Trog
  1133 | D:2      | Noticed Natasha
  1142 | D:2      | Killed Natasha
  1143 | D:2      | Reached skill level 5 in Polearms
  1143 | D:2      | Reached XP level 4. HP: 33/41 MP: 2/2
  1266 | D:2      | Found a bloodstained altar of Trog.
  1398 | D:2      | Reached skill level 1 in Short Blades
  1418 | D:2      | Noticed Natasha
  1428 | D:2      | Killed Natasha
  1691 | D:3      | Noticed Jessica
  1695 | D:3      | Killed Jessica
  1696 | D:3      | Reached XP level 5. HP: 47/47 MP: 3/3
  1723 | D:3      | Reached skill level 5 in Fighting
  2058 | D:3      | Reached *** piety under Trog
  2403 | D:4      | Reached XP level 6. HP: 50/56 MP: 2/4
  2455 | D:4      | Found Muce's General Store.
  2476 | D:4      | Reached skill level 6 in Polearms
  2546 | D:4      | Reached skill level 1 in Axes
  2603 | D:4      | Reached XP level 7. HP: 61/61 MP: 5/5
  2609 | D:4      | You fall into a shaft and drop 2 floors!
  2634 | D:5      | Entered Level 5 of the Dungeon
  2688 | D:5      | Found a staircase to the Ecumenical Temple.
  2862 | D:5      | Found Joado's Serpentskin Sales.
  2875 | D:5      | HP: 1/62 [poisoned by a water moccasin]
  2876 | D:5      | Succumbed to a water moccasin's poison

Illustrated notes

Levels and vault maps discovered:
D:1:      lightli_arrival_statue_moat, layout_loops_ring, nicolae_titane
D:2:      layout_loops_corners, basic_altar, kennysheep_cross_bottleneck,
          minmay_small_reverse_x, uniq_natasha
D:3:      layout_loops_corners, minmay_misc_feat_rugged,
          minmay_misc_feat_diagonals, uniq_jessica
D:4:      layout_cave_pools, kennysheep_vampire_church, serial_demonic,
          serial_demonic_b, serial_demonic_a, serial_demonic_e,
          serial_demonic_d, serial_shops, nicolae_shop_rolling_square,
          lightli_corner_chamber
D:5:      layout_cave_pools, nicolae_uskayaw_suspiria,
          mainiacjoe_overflow_alcove_2, temple_fountains, grunt_ministairs_13,
          chequers_serial_rivers_small_3, guppyfry_shop_venom
D:6:      layout_basic, lemuel_crystal_altar, minmay_overflow_temple_star_quad

Skill      XL: |  1  2  3  4  5  6  7 |
---------------+----------------------+-----
Polearms       | 4 5 6 |  6.6
Fighting       | 4 5 |  5.8
Short Blades   | 1 2 |  2.5
Armour         | 3 4 |  4.9
Dodging        | 3 |  3.1
Axes           | 2 3 |  3.1
Stealth        | |  0.2

Action                     |  1- 3 |  4- 6 |  7- 9 || total
---------------------------+-------+-------+-------++-------
  Melee: Spear             |    28 |    48 |       ||    76
         Headbutt          |    11 |    16 |     2 ||    29
         Dagger            |    53 |     4 |       ||    57
         Punch             |     1 |     1 |     1 ||     3
         War axe           |       |    55 |    26 ||    81
    Use: Potion            |     4 |     1 |     1 ||     6
         Scroll            |       |     7 |       ||     7
 Armour: Animal skin       |    10 |       |       ||    10
         Plate armour      |    30 |    73 |    32 ||   135
  Dodge: Dodged            |    50 |    47 |    22 ||   119
